 Dungeon Crawl Stone Soup version 0.31-a0-355-g57cb03d3e8 (webtiles) character file.

Game seed: 11517645497039612970

385 cforsyth the Charlatan (level 6, -4/47 HPs)
             Began as a Gnoll Artificer on July 25, 2023.
             Slain by an iron imp (10 damage)
             ... on level 3 of the Dungeon.
             The game lasted 00:04:16 (2938 turns).

cforsyth the Charlatan (Gnoll Artificer)            Turns: 2938, Time: 00:04:17

Health: -4/47      AC:  3    Str: 11    XL:     6   Next: 77%
Magic:  9/9        EV: 12    Int: 16    God:
Gold:   147        SH:  0    Dex: 15    Spells: 9/9 levels left

rFire   . . .        g - +2 dagger (speed)
rCold   . . .        (no shield)
rNeg    . . .        b - +0 leather armour
rPois   .            (no helmet)
rElec   .            (no cloak)
rCorr   .            (no gloves)
SInv    .            (no boots)
Will    +....        (no amulet)
Stlth   ++           l - ring "Heaf" {Will+ Int+3 Dex+3}
HPRegen 0.27/turn    (no ring)
MPRegen 0.11/turn

%: no passive effects
@: brilliant, invisible
A: fangs 1, strong nose, distributed training
a: no special abilities


You were on level 3 of the Dungeon.
You visited 1 branch of the dungeon, and saw 3 of its levels.

You collected 147 gold pieces.

Inventory:

Hand Weapons
 a - a +0 club
 g - a +2 dagger of speed (weapon)
Armour
 b - a +0 leather armour (worn)
Jewellery
 l - the ring "Heaf" (left hand) {Will+ Int+3 Dex+3}
   (You found it on level 2 of the Dungeon)

   [ring of willpower]

   Int:       It affects your intelligence (+3).
   Dex:       It affects your dexterity (+3).
   Will:      It increases your willpower.
Wands
 c - a wand of flame (5) (quivered)
 d - a wand of charming (15)
 e - a wand of iceblast (2)
Scrolls
 f - 2 scrolls of identify
 i - a scroll of noise
 j - a scroll of blinking
Potions
 h - a potion of magic


   Skills:
 + Level 3.3 Fighting
 + Level 2.1 Short Blades
 + Level 2.1 Long Blades
 + Level 2.1 Axes
 + Level 2.1 Maces & Flails
 + Level 2.1 Polearms
 + Level 2.1 Staves
 + Level 2.1 Ranged Weapons
 + Level 2.1 Throwing
 + Level 5.0 Armour
 + Level 3.3 Dodging
 + Level 3.2 Stealth
 + Level 2.1 Shields
 + Level 2.1 Unarmed Combat
 + Level 2.1 Spellcasting
 + Level 1.7 Conjurations
 + Level 1.7 Hexes
 + Level 1.7 Summonings
 + Level 1.7 Necromancy
 + Level 1.7 Translocations
 + Level 1.7 Transmutations
 + Level 1.7 Fire Magic
 + Level 1.7 Ice Magic
 + Level 1.7 Air Magic
 + Level 1.7 Earth Magic
 + Level 1.7 Poison Magic
 + Level 2.3 Invocations
 + Level 6.9 Evocations
 + Level 1.7 Shapeshifting


You had 9 spell levels left.
You didn't know any spells.
Your spell library was empty.

Dungeon Overview and Level Annotations

Branches:
Dungeon (3/15)

Altars:
Elyvilon
Makhleb

Shops:
D:3 !

Portals:
Abyss: D:3

Annotations:
D:3 2 transporters, Newt's ghost, weakling DrSh


Innate Abilities, Weirdness & Mutations

You have very sharp teeth.
Your uncanny sense of smell can sniff out nearby items.
Your experience applies equally to all skills.


Message History

As you read the scroll labelled KELEL COHOFU, it crumbles to dust.
It was a scroll of poison.
The iron imp hits you.
* * * LOW HITPOINT WARNING * * *
As you read the scroll labelled BESSIG QOTWALEUMI, it dissolves into smoke.
It was a scroll of fog.
The iron imp closely misses you.
You hit the iron imp but do no damage. You hit the iron imp but do no damage.
Unknown command.
There's nothing to close nearby.
Aiming: Charm
Press: ? - help, Shift-Dir - straight line, f - iron imp
Aim: an iron imp (poison gas, unable to see you, chance to affect: 73%)
Okay, then.
Aiming: Iceblast
Press: ? - help, Shift-Dir - straight line, f - iron imp
Aim: an iron imp (poison gas, unable to see you)
The mass of ice explodes!
The iceblast engulfs the iron imp!!
The iron imp partially resists.
You kill the iron imp!
The iceblast engulfs the iron imp!
The iron imp partially resists.
The iron imp is almost dead.
You hit the iron imp but do no damage.
The iron imp is almost dead.
You hit the iron imp but do no damage.
You bite the iron imp, but do no damage.
The iron imp is almost dead.
The iron imp misses you.
Unknown command.
Aiming: Throw Flame
Press: ? - help, Shift-Dir - straight line, f - you That beam is likely to hit you.
Continue anyway?
Okay, then.
Unknown command.
Aiming: Throw Flame
Press: ? - help, Shift-Dir - straight line, f - iron imp
Aim: an iron imp (blue smoke, almost dead, unable to see you, 81% to hit)
The puff of flame hits the iron imp.
The iron imp completely resists.
The iron imp is almost dead.
The iron imp hits you!
You die...

..# #......§≈§....#
.#####...§§§§☼§§§☼§#
.#.......§§☼8§§§§§§#
.#.##.#..§§§§§§§§§§#
.#.##....§§§§§§☼§§§#
...##.#..☼☼§§§§§§☼§#
#####.#..§§§☼☼§§§§§#
......#..§§§§§☼☼☼☼§#
#######..☼§§☼§§§@5§#
##############


You could see an iron imp (unable to see you).

Vanquished Creatures
  Grinder (D:3)
  2 iron imps (D:3)
  4 gnolls (D:3)
  2 adders (D:3)
  A worm (D:2)
  3 dart slugs
  6 endoplasms
  2 giant cockroaches
  6 goblins
  6 hobgoblins
  6 jackals
  A quokka (D:3)
  10 ball pythons
  5 bats
  5 frilled lizards
  5 kobolds
  6 rats
71 creatures vanquished.

Notes
Turn   | Place    | Note
-------+----------+-------------------------------------------
     0 | D:1      | cforsyth the Gnoll Artificer began the quest for the Orb.
     0 | D:1      | Reached XP level 1. HP: 17/17 MP: 1/1
   191 | D:1      | Reached XP level 2. HP: 9/23 MP: 2/2
   552 | D:1      | Reached XP level 3. HP: 28/28 MP: 3/3
  1292 | D:2      | Reached skill level 1 in Invocations
  1407 | D:2      | Reached skill level 1 in Short Blades
  1407 | D:2      | Reached skill level 1 in Long Blades
  1407 | D:2      | Reached skill level 1 in Axes
  1407 | D:2      | Reached skill level 1 in Maces & Flails
  1407 | D:2      | Reached skill level 1 in Polearms
  1407 | D:2      | Reached skill level 1 in Staves
  1407 | D:2      | Reached skill level 1 in Ranged Weapons
  1407 | D:2      | Reached skill level 1 in Throwing
  1407 | D:2      | Reached skill level 1 in Shields
  1407 | D:2      | Reached skill level 1 in Unarmed Combat
  1407 | D:2      | Reached skill level 1 in Spellcasting
  1448 | D:2      | Identified the ring "Heaf" {Will+ Int+3 Dex+3}
  1856 | D:3      | Reached XP level 4. HP: 15/34 MP: 5/5
  1962 | D:3      | Noticed a small abomination
  2038 | D:3      | Found a white marble altar of Elyvilon.
  2208 | D:3      | Reached skill level 1 in Conjurations
  2208 | D:3      | Reached skill level 1 in Hexes
  2208 | D:3      | Reached skill level 1 in Summonings
  2208 | D:3      | Reached skill level 1 in Necromancy
  2208 | D:3      | Reached skill level 1 in Translocations
  2208 | D:3      | Reached skill level 1 in Transmutations
  2208 | D:3      | Reached skill level 1 in Fire Magic
  2208 | D:3      | Reached skill level 1 in Ice Magic
  2208 | D:3      | Reached skill level 1 in Air Magic
  2208 | D:3      | Reached skill level 1 in Earth Magic
  2208 | D:3      | Reached skill level 1 in Poison Magic
  2208 | D:3      | Reached skill level 1 in Shapeshifting
  2214 | D:3      | Found Waqaolid's Distillery.
  2215 | D:3      | Noticed Grinder
  2238 | D:3      | Killed Grinder
  2239 | D:3      | Reached skill level 5 in Armour
  2239 | D:3      | Reached XP level 5. HP: 7/41 MP: 5/7
  2239 | D:3      | Reached XP level 6. HP: 8/47 MP: 5/8
  2584 | D:3      | Found a transporter.
  2781 | D:3      | Found a transporter.
  2801 | D:3      | Found a one-way gate to the infinite horrors of the Abyss.
  2801 | D:3      | Noticed Newt's ghost (weakling DrSh)
  2898 | D:3      | Found a burning altar of Makhleb.
  2938 | D:3      | Slain by an iron imp

Illustrated notes

Levels and vault maps discovered:
D:1:      minmay_arrival_plants_in_alcoves, layout_loops_ring
D:2:      layout_basic, kennysheep_generic_room_10
D:3:      layout_basic, demons_altar, nicolae_elyvilon_temple_path,
          serial_shops, shop, gammafunk_ghost_abyssal_escape,
          kennysheep_generic_room_13, uniq_grinder

Skill      XL: |  1  2  3  4  5  6 |
---------------+-------------------+-----
Invocations    | 1 2 |  2.3
Short Blades   | 1 2 |  2.1
Long Blades    | 1 2 |  2.1
Axes           | 1 2 |  2.1
Maces & Flails | 1 2 |  2.1
Polearms       | 1 2 |  2.1
Staves         | 1 2 |  2.1
Ranged Weapons | 1 2 |  2.1
Throwing       | 1 2 |  2.1
Shields        | 1 2 |  2.1
Unarmed Combat | 1 2 |  2.1
Spellcasting   | 1 2 |  2.1
Conjurations   | 1 |  1.7
Hexes          | 1 |  1.7
Summonings     | 1 |  1.7
Necromancy     | 1 |  1.7
Translocations | 1 |  1.7
Transmutations | 1 |  1.7
Fire Magic     | 1 |  1.7
Ice Magic      | 1 |  1.7
Air Magic      | 1 |  1.7
Earth Magic    | 1 |  1.7
Poison Magic   | 1 |  1.7
Shapeshifting  | 1 |  1.7
Fighting       | 3 |  3.3
Armour         | 5 |  5.0
Dodging        | 3 |  3.3
Stealth        | 3 |  3.2
Evocations     | |  6.9

Action                     |  1- 3 |  4- 6 || total
---------------------------+-------+-------++-------
  Melee: Club              |    19 |       ||    19
         Bite              |    14 |    15 ||    29
         Dagger            |   125 |   101 ||   226
         Punch             |       |     3 ||     3
  Evoke: Wand              |     3 |    10 ||    13
    Use: Scroll            |       |     4 ||     4
         Potion            |       |     3 ||     3
   Stab: Sleeping          |     4 |     2 ||     6
         Distracted        |     1 |       ||     1
 Armour: Leather armour    |    31 |    14 ||    45
  Dodge: Dodged            |    66 |    56 ||   122

Table legend: (Time is in decaauts)
 A = Elapsed time spent in this place.
 B = Non-inter-level travel time spent in this place.
 C = Inter-level travel time spent in this place.
 D = Time resting spent in this place.
 E = Time spent auto-exploring this place.
 F = Levels seen in this place.
 G = Mean time per level.
                   A        B        C        D        E       F      G
               +--------+--------+--------+--------+--------+-----+--------+
         Total |   2859 |   2778 |     81 |    180 |   2106 |   3 |  953.0 |
       Dungeon |   2859 |   2778 |     81 |    180 |   2106 |   3 |  953.0 |
               +--------+--------+--------+--------+--------+-----+--------+

Top non-repeatable levels by time:
     D:2: 961 daAuts
     D:3: 959 daAuts
     D:1: 939 daAuts
